 Dungeon Crawl Stone Soup version 0.20.1-1-g8b1a95d (webtiles) character file.

74 CalmDownMonkey the Poker (level 4, -3/33 HPs)
             Began as a Merfolk Gladiator on Sept 2, 2017.
             Slain by a gnoll
             ... wielding a +0 halberd
              (7 damage)
             ... on level 2 of the Dungeon.
             The game lasted 00:04:05 (1286 turns).

CalmDownMonkey the Poker (Merfolk Gladiator)        Turns: 1286, Time: 00:04:05

Health: -3/33      AC:  4    Str: 14    XL:     4   Next: 30%
Magic:  4/4        EV: 14    Int:  7    God:
Gold:   118        SH:  0    Dex: 16    Spells: 3/3 levels left

rFire    . . .     SeeInvis .   a - +0 trident
rCold    . . .     Gourm    .   (no shield)
rNeg     . . .     Faith    .   b - +0 leather armour
rPois    .         Spirit   .   c - +0 helmet
rElec    .         Reflect  .   (no cloak)
rCorr    .         Harm     .   (no gloves)
MR       .....                  (no boots)
Stlth    +.........             (no amulet)
Regen    0.2/turn               (no ring)
MPRegen  0.1/turn               (no ring)

@: about to teleport
A: change form in water, swift swim, stealthy swim
a: no special abilities


You were on level 2 of the Dungeon.
You were not hungry.

You visited 1 branch of the dungeon, and saw 2 of its levels.

You collected 118 gold pieces.

Inventory:

Hand Weapons
 a - a +0 trident (weapon)
 m - a +2 hunting sling of freezing
   (You took it off a goblin on level 2 of the Dungeon)
Missiles
 d - 3 throwing nets {=f, !d}
 h - 39 stones (quivered)
 l - 7 needles of sleeping
 n - 45 arrows
 r - 11 sling bullets
Armour
 b - a +0 leather armour (worn)
 c - a +0 helmet (worn)
Jewellery
 q - an uncursed ring of resist corrosion {unknown}
   (You took it off a hobgoblin on level 2 of the Dungeon)
Scrolls
 i - 2 scrolls of teleportation
 j - a scroll of enchant armour {unknown}
 k - a scroll of remove curse {unknown}
 p - a scroll of enchant weapon {unknown}
 s - a scroll of blinking {unknown}
Potions
 e - a potion of agility {unknown}
Comestibles
 f - a bread ration
 o - a meat ration


   Skills:
 - Level 2.1 Fighting
 * Level 6.6 Polearms
 + Level 2.8 Throwing
 - Level 4.0 Dodging


You had 3 spell levels left.
You didn't know any spells.

Dungeon Overview and Level Annotations

Branches:
Dungeon (2/15)

Altars:
Kikubaaqudgha
Nemelex Xobeh


Message History

The goblin misses you. The kobold completely misses you.
You hit the kobold but do no damage. The goblin barely misses you.
The kobold closely misses you.
You closely miss the kobold. The goblin hits you but does no damage.
The kobold misses you.
You hit the kobold.
You kill the kobold!
The goblin barely misses you.
You barely miss the goblin. The goblin hits you but does no damage.
You hit the goblin.
You kill the goblin!
No target in view!
Things that are here:
a club; a kobold corpse
n - 27 arrows (gained 17)
You see here an enchanted dagger.
Things that are here:
a club; a kobold corpse
Found an ancient bone altar of Kikubaaqudgha.
Things that are here:
a mace; a shiny chain mail; a rat corpse You butcher the rat corpse.
g - 9 chunks of flesh (gained 1)
Things that are here:
a mace; a shiny chain mail; a rat skeleton
Things that are here:
a mace; a shiny chain mail; a rat skeleton You now have 118 gold pieces (gained 2).
s - a scroll labeled KIUFFOSTAN
n - 45 arrows (gained 18) Eating one of 9 chunks of flesh.
You eat one of the 9 chunks of flesh.
This raw flesh tastes terrible.
There is a stone staircase leading up here. 2 gnolls and a kobold come into view.
The kobold shouts!
The gnoll shouts!
There are monsters nearby!
A gnoll comes into view. It is wielding a club.
The gnoll shouts! x2
Attack whom?
Press: ? - help, Dir - move target cursor, f - kobold
Aim: a kobold You reach to attack!
You hit the gnoll.
The gnoll is moderately wounded.
The gnoll closely misses you.
You barely miss the kobold. The kobold hits you. The gnoll barely misses you.
You puncture the kobold!
You kill the kobold!
The gnoll hits you but does no damage.
Attack whom?
Press: ? - help, Dir - move target cursor, f/p - gnoll
Aim: a gnoll, wielding a spear (moderately wounded)
You reach to attack!
You hit the gnoll but do no damage.
The gnoll is moderately wounded.
The gnoll completely misses you. The gnoll closely misses you.
There is a stone staircase leading up here.
The gnoll barely misses you.
You climb upwards.
There is a stone staircase leading down here.
You start resting.
Some of the chunks of flesh in your inventory have rotted away. x3
HP restored.
All of the chunks of flesh in your inventory have rotted away.
There is a stone staircase leading down here.
There is an escape hatch in the floor here.
You slide downwards.
The hatch slams shut behind you. The gnoll misses you.
The gnoll barely misses you.
You hit the gnoll.
The gnoll is lightly wounded.
The gnoll hits you but does no damage. The gnoll misses you.
You hit the gnoll.
The gnoll is moderately wounded.
The gnoll hits you with a spear. The gnoll misses you.
The gnoll hits you with a club!
You hit the gnoll.
The gnoll is moderately wounded.
The gnoll misses you. The gnoll completely misses you.
The gnoll hits you with a club!
You barely miss the gnoll.
The gnoll is moderately wounded.
The gnoll hits you with a spear.
You hit the gnoll.
The gnoll is moderately wounded.
The gnoll misses you. The gnoll hits you with a club!
* * * LOW HITPOINT WARNING * * *
The gnoll barely misses you. The gnoll closely misses you. x2
You see here 17 gold pieces.
Okay, then.
As you read the scroll labeled ZINAERUITU, it crumbles to dust.
You feel strangely unstable.
It was a scroll of teleportation.
The gnoll barely misses you. The gnoll closely misses you.
Attack whom?
Press: ? - help, Dir - move target cursor, f - gnoll
Aim: a gnoll, wielding a spear (moderately wounded)
You reach to attack!
You hit the gnoll.
The gnoll is moderately wounded.
The gnoll hits you from afar with a spear.
* * * LOW HITPOINT WARNING * * *
The gnoll hits you from afar with a halberd!
You die...

#._..##.P #....#...
... ........ ..
#..P..P
...###......
#....PP...#.
#.........#.
#######.######....
#@...........g.g..
#g.g......########
#$.g.(.....<.#
#............#####
#######.####.รท...#
#.# ####..# #.#
##.. ... ...###..
#.# #......


You could see 3 gnolls.

Vanquished Creatures
  Terence (D:2)
  2 oozes
  A dart slug (D:1)
  An orc (D:2)
  2 bats (D:1)
  3 giant cockroaches (D:1)
  5 hobgoblins
  6 kobolds
  A quokka (D:2)
  2 frilled lizards (D:1)
  5 goblins
  7 rats
36 creatures vanquished.

Vanquished Creatures (others)
  5 toadstools (D:1)
5 creatures vanquished.

Grand Total: 41 creatures vanquished

Notes
Turn   | Place    | Note
-------+----------+-------------------------------------------
     0 | D:1      | CalmDownMonkey the Merfolk Gladiator began the quest for the Orb.
     0 | D:1      | Reached XP level 1. HP: 16/16 MP: 1/1
   220 | D:1      | Reached XP level 2. HP: 20/22 MP: 2/2
   399 | D:1      | Reached skill level 5 in Polearms
   502 | D:1      | Reached XP level 3. HP: 27/27 MP: 3/3
   918 | D:2      | Reached skill level 6 in Polearms
   921 | D:2      | Found a sparkling altar of Nemelex Xobeh.
   976 | D:2      | Noticed Terence
   990 | D:2      | Killed Terence
   990 | D:2      | Reached XP level 4. HP: 15/33 MP: 4/4
  1002 | D:2      | Found an ancient bone altar of Kikubaaqudgha.
  1273 | D:2      | HP: 5/33 [gnoll/club (8)]
  1286 | D:2      | HP: 4/33 [gnoll/spear (2)]
  1286 | D:2      | Slain by a gnoll

Skill      XL: |  1  2  3 |
---------------+----------+-----
Polearms       | 5 6 |  6.6
Fighting       | |  2.1
Throwing       | |  2.8
Dodging        | |  4.0

Action                   |  1- 3 |  4- 6 || total
-------------------------+-------+-------++-------
Melee: Trident           |   105 |    17 ||   122
  Use: Scroll            |       |     1 ||     1
 Stab: Sleeping          |     1 |       ||     1
  Eat: Chunk             |       |     1 ||     1
Armor: Leather armour    |    17 |     2 ||    19
Dodge: Dodged            |    61 |    24 ||    85

Vault maps used:
D:1:      ldierk_walled_garden, chequers_big_river
D:2:      marbit_many_paths, kiku_gazebo_garden_becter, old_standard_altar,
          supply_closet_lemuel, nemelex_dance_club_becter, uniq_terence,
          uniq_crazy_yiuf_cottage, uniq_natasha

Table legend:
 A = Turns spent in this place as a percentage of turns spent in the entire game.
 B = Non-inter-level travel turns spent in this place as a percentage of non-inter-level travel turns spent in the entire game.
 C = Inter-level travel turns spent in this place as a percentage of turns spent in this place.
 D = Turns resting spent in this place as a percentage of non-inter-level travel turns spent in this place.
 E = Turns spent auto-exploring this place as a percentage of non-inter-level travel turns spent in this place.
 F = Non-inter-level travel turns spent in this place divided by the number of levels of this place that you've seen.
                   A       B       C       D       E      F
               +-------+-------+-------+-------+-------+----------------------
         Total | 100.0 | 100.0 |   0.9 |   0.6 |  14.0 | 164.0
       Dungeon | 100.0 | 100.0 |   0.9 |   0.6 |  14.0 | 164.0
               +-------+-------+-------+-------+-------+----------------------

Table legend:
 A = Kills in this place as a percentage of kills in entire the game.
 B = Kills by you in this place as a percentage of kills by you in the entire game.
 C = Kills by friends in this place as a percentage of kills by friends in the entire game.
 D = Other kills in this place as a percentage of other kills in the entire game.
 E = Experience gained in this place as a percentage of experience gained in the entire game.
 F = Experience gained in this place divided by the number of levels of this place that you have seen.
                   A       B       C       D       E      F
               +-------+-------+-------+-------+-------+----------------------
         Total | 100.0 | 100.0 |  -nan |  -nan | 100.0 |  53.5
       Dungeon | 100.0 | 100.0 |  -nan |  -nan | 100.0 |  53.5
               +-------+-------+-------+-------+-------+----------------------
